Map: Daybreak LE (Void)

Players

Bly - Winner!

  • Race: Zerg Zerg
  • League: Grandmaster
  • Spawn Location: 7:00

Neeblet (Neeb)

  • Race: Protoss Protoss
  • Spawn Location: 1:00

Event: NationWars IV

VOD

Have the link to the VOD?

Description

Time

  • Played on: Dec. 23, 2016, 2:27 p.m.
  • Length: 10:36

All games in this series

Show
View Real Time Build Order
Export as new Build Order

Bly Zerg - Winner!

Build Orders: 3 Hatch before Pool 

Get SALT Encoding   

  12  0:01  Drone  
  13  0:13  Overlord  
  13  0:18  Drone  
  14  0:32  Drone x2  
  16  0:52  Hatchery  
  15  1:14  Hatchery  
  15  1:18  Drone  
  15  1:24  Drone  
  16  1:28  Drone  
  18  1:33  Evolution Chamber  
  18  1:40  Spawning Pool  
  18  1:41  Drone x2  
  18  1:42  Extractor  
  18  2:08  Drone x3  
  20  2:21  Overlord, Drone  
  21  2:29  Queen  
  23  2:30  Hatchery  
  22  2:39  Queen  
  22  2:42  Drone  
  25  2:45  Zergling x2  
  25  2:48  Zergling x2  
  27  2:51  Zergling x2  
  28  3:02  Drone  
  28  3:03  Drone x2  
  30  3:08  Metabolic Boost  
  27  3:21  Drone x2  
  27  3:24  Drone x2  
  30  3:29  Drone  
  31  3:37  Overlord  
  31  3:38  Drone x2  
  31  3:39  Drone  
  31  3:41  Drone  
  35  3:48  Drone x3  
  38  3:53  Overlord  
  38  3:58  Drone x2  
  38  4:00  Queen  
  42  4:09  Drone x4  
  46  4:15  Roach Warren  
  45  4:21  Overlord  
  45  4:22  Drone x2  
  47  4:25  Extractor, Drone x2  
  47  4:26  Drone  
  47  4:29  Overlord  
  49  4:43  Zergling x18  
  58  4:54  Overlord  
  58  4:57  Extractor  
  58  4:58  Zergling x10  
  62  5:08  Drone x2  
  62  5:09  Drone  
  62  5:10  Lair  
  67  5:14  Roach x5  
  67  5:16  Roach  
  76  5:29  Roach x3  
  76  5:32  Evolution Chamber  
  76  5:33  Evolution Chamber x2  
  78  5:40  Roach x2  
  80  5:49  Zergling x4  
  76  5:50  Zergling x6  
  76  5:52  Queen x2  
  74  5:59  Zergling x14  
  77  6:12  Glial Reconstitution  
  75  6:20  Drone x5  
  75  6:21  Drone x3  
  75  6:23  Drone x2  
  78  6:33  Overseer  
  78  6:36  Roach x2  
  77  6:50  Roach x2  
  77  6:51  Overlord  
  80  6:57  Zergling x4  
  80  6:58  Overlord  
  82  7:10  Roach  
  82  7:11  Roach x3  
  82  7:12  Overlord  
  90  7:18  Roach x4  
  90  7:20  Overlord  
  98  7:24  Burrow  
  98  7:27  Overlord x2  
  92  7:42  Roach  
  92  7:43  Roach x7  
  104  7:51  Roach x3  
  98  8:04  Drone  
  98  8:05  Drone x6  
  101  8:10  Overlord  
  99  8:20  Roach x7  
  109  8:37  Roach  
  101  8:41  Extractor  
  101  8:43  Roach x14  
  101  8:44  Extractor  
  103  8:59  Roach x6  
  101  9:13  Roach x6  
  107  9:23  Roach  
  107  9:24  Roach x2  
  107  9:37  Hatchery  
  96  9:49  Roach x4  
  96  9:51  Roach x3  
  96  9:52  Roach x7  
  110  9:59  Roach x3  
  110  10:03  Roach x4  
  118  10:08  Drone x2  
Show
View Real Time Build Order
Export as new Build Order

Neeblet Protoss 

Build Orders:  

Get SALT Encoding   

  12  0:01  Probe (Chrono Boost)  
  13  0:11  Probe (Chrono Boost)  
  14  0:18  Pylon  
  14  0:23  Probe (Chrono Boost)  
  15  0:37  Probe (Chrono Boost)  
  15  0:39  Gateway  
  16  0:47  Probe (Chrono Boost)  
  17  0:50  Assimilator  
  17  0:58  Probe (Chrono Boost)  
  18  1:10  Probe (Chrono Boost)  
  19  1:21  Probe (Chrono Boost)  
  19  1:24  Zealot  
  20  1:30  Cybernetics Core  
  22  1:41  Pylon  
  22  1:58  Probe (Chrono Boost)  
  23  2:03  Adept  
  25  2:08  Warp Gate  
  25  2:30  Nexus  
  25  2:33  Probe (Chrono Boost)  
  26  2:39  Assimilator  
  26  2:44  Probe (Chrono Boost), Stalker  
  29  2:56  Probe (Chrono Boost)  
  30  3:00  Twilight Council  
  30  3:08  Probe (Chrono Boost)  
  31  3:22  Probe (Chrono Boost)  
  31  3:23  Resonating Glaives  
  31  3:27  Adept  
  30  3:32  Gateway  
  30  3:33  Probe (Chrono Boost)  
  31  3:43  Gateway  
  31  3:47  Probe (Chrono Boost)  
  32  3:48  Probe (Chrono Boost)  
  33  3:59  Probe (Chrono Boost)  
  33  4:00  Probe (Chrono Boost)  
  35  4:03  Pylon  
  36  4:10  Probe (Chrono Boost)  
  36  4:12  Adept, Probe (Chrono Boost)  
  39  4:20  Probe (Chrono Boost)  
  39  4:24  Probe (Chrono Boost)  
  41  4:26  Adept  
  41  4:31  Probe (Chrono Boost)  
  44  4:34  Adept  
  44  4:35  Pylon  
  44  4:37  Mothership Core (Chrono Boost)  
  48  4:41  Probe (Chrono Boost)  
  48  4:44  Adept  
  52  4:53  Probe (Chrono Boost)  
  52  4:56  Nexus  
  53  5:00  Probe (Chrono Boost)  
  53  5:06  Adept x2  
  57  5:07  Adept  
  57  5:14  Pylon  
  60  5:15  Probe x2 (Chrono Boost)  
  60  5:19  Pylon  
  61  5:23  Assimilator  
  61  5:27  Probe (Chrono Boost)  
  62  5:32  Pylon  
  62  5:33  Pylon  
  62  5:39  Probe (Chrono Boost)  
  62  5:47  Pylon x2  
  62  5:48  Probe (Chrono Boost)  
  56  5:51  Adept x3  
  62  5:58  Probe (Chrono Boost)  
  62  6:02  Probe (Chrono Boost)  
  62  6:10  Nexus, Probe (Chrono Boost)  
  63  6:12  Adept x2  
  63  6:13  Probe (Chrono Boost), Pylon  
  60  6:26  Sentry, Robotics Facility  
  58  6:34  Adept  
  58  6:37  Adept  
  60  6:57  Stalker x3  
  60  6:59  Probe (Chrono Boost)  
  60  7:00  Probe (Chrono Boost)  
  68  7:06  Assimilator  
  68  7:10  Probe (Chrono Boost)  
  68  7:12  Immortal  
  69  7:21  Adept x3  
  69  7:22  Probe (Chrono Boost)  
  82  7:23  Probe (Chrono Boost)  
  82  7:24  Probe (Chrono Boost)  
  82  7:34  Probe (Chrono Boost)  
  82  7:36  Probe (Chrono Boost)  
  79  7:42  Pylon  
  79  7:43  Stalker x2  
  74  7:44  Stalker  
  74  7:46  Immortal  
  66  8:00  Probe (Chrono Boost)  
  66  8:01  Probe x2 (Chrono Boost)  
  69  8:07  Adept x3  
  69  8:11  Probe (Chrono Boost)  
  72  8:22  Gateway  
  72  8:24  Gateway  
  72  8:25  Gateway  
  63  8:43  Stalker x3  
  63  8:48  Pylon  
  61  8:49  Immortal  
  61  8:52  Pylon  
  56  9:04  Pylon  
  51  9:10  Stalker  
  51  9:15  Pylon  
  51  9:16  Pylon  
  51  9:18  Pylon  
  51  9:19  Pylon  
  51  9:24  Immortal  
  48  9:30  Stalker x2  
  56  9:45  Stalker x2  
  52  10:00  Observer  
  52  10:01  Stalker x3  
  59  10:10  Probe x2 (Chrono Boost)  
  61  10:19  Stalker  
  59  10:25  Stalker  
  59  10:26  Stalker  
Tags
 
Add a new tag
Caveats
  • Supply blocks, unpowered buildings, or Contaminate may cause inaccurate times.
  • Supply counts are checked every 10 seconds.